Map: Catalisador LE

Players

DakkoN - Winner!

  • Race: Terran Terran
  • League: Master
  • Spawn Location: 11:00

LeGallagher - Winner!

  • Race: Terran Terran
  • League: Gold
  • Spawn Location: 5:00

I.A. 2 (Muito fácil)

  • Race: Terran Terran

VOD

Have the link to the VOD?

Description

Time

  • Played on: May 5, 2018, 6:51 a.m.
  • Length: 5:31
Show
View Real Time Build Order
Export as new Build Order

DakkoN Terran - Winner!

Build Orders: Reaper Expand 

Get SALT Encoding   

  12  0:01  SCV  
  13  0:13  SCV  
  14  0:18  Supply Depot  
  14  0:25  SCV  
  15  0:39  SCV  
  16  0:46  Refinery  
  16  0:48  Barracks  
  16  0:52  SCV  
  17  1:04  SCV  
  18  1:18  SCV  
  19  1:36  Orbital Command  
  19  1:38  Reaper  
  20  1:44  Command Center  
  20  1:50  Refinery  
  20  2:02  SCV  
  21  2:10  Reaper  
  22  2:20  SCV  
  23  2:22  Supply Depot  
  23  2:24  Factory  
  23  2:43  Barracks Reactor  
  23  2:44  SCV  
  24  2:56  SCV  
  25  2:59  Orbital Command  
  25  3:08  SCV  
  26  3:20  SCV  
  26  3:24  SCV  
  28  3:29  Cyclone x2  
  28  3:31  Starport  
  28  3:32  SCV  
  35  3:34  Barracks Tech Lab  
  35  3:37  SCV  
  36  3:44  SCV  
  37  3:50  SCV  
  38  3:57  SCV  
  38  4:02  Cyclone, SCV  
  43  4:09  SCV  
  44  4:14  SCV  
  45  4:21  SCV  
  45  4:22  Supply Depot  
  46  4:26  Supply Depot x2  
  46  4:27  Supply Depot  
  46  4:28  Banshee  
  46  4:29  SCV  
  50  4:34  Cyclone  
  53  4:45  SCV x2  
  55  4:57  SCV x2, Refinery  
  55  4:58  Refinery  
  57  5:07  Supply Depot x2  
  57  5:09  SCV x2  
Show
View Real Time Build Order
Export as new Build Order

LeGallagher Terran - Winner!

Build Orders:  

Get SALT Encoding   

  12  0:00  SCV  
  13  0:13  SCV  
  14  0:18  Supply Depot  
  14  0:37  Refinery  
  14  0:43  Barracks  
  14  1:05  Supply Depot  
  14  1:13  Refinery  
  14  1:30  Marine  
  14  1:31  SCV  
  16  1:43  SCV  
  17  1:55  SCV  
  18  2:05  Marine  
  18  2:07  SCV  
  20  2:19  SCV  
  21  2:31  SCV  
  22  2:40  Marine  
  22  2:43  Orbital Command  
  22  3:15  Marine  
  23  3:49  Marine  
  23  3:54  Supply Depot  
  24  3:59  SCV  
  20  4:11  SCV  
  18  4:17  Marine  
  18  4:23  SCV  
  20  4:35  SCV  
  19  4:46  Marine  
  19  4:47  SCV  
  18  4:59  SCV  
  11  5:11  SCV  
Show
View Real Time Build Order
Export as new Build Order

I.A. 2 (Muito fácil) Terran 

Build Orders:  

Get SALT Encoding   

Tags
 
Add a new tag
Caveats
  • Supply blocks, unpowered buildings, or Contaminate may cause inaccurate times.
  • Supply counts are checked every 10 seconds.